[Event "44th Chess Olympiad Open 2022"]
[Site "Chennai"]
[Date "2022.08.02"]
[Round "5.22"]
[White "Pultinevicius, Paulius"]
[Black "Nyysti, Sampsa"]
[Result "1-0"]
[WhiteElo "2539"]
[BlackElo "2363"]
[Annotator "RC"]
[PlyCount "63"]
[EventDate "2022.??.??"]
[TimeControl "60"]

1. d4 d5 2. c4 dxc4 3. e4 e5 4. Nf3 Bb4+ 5. Nc3 exd4 6.
Nxd4 Nd7 7. Bxc4 Ngf6 8. f3 O-O 9. Be3 Ne5 10. Be2 c5 11. Nc2 Bxc3+ 12. bxc3 Qe7 13. O-O Be6 14. Qe1 Bc4 15. Bg5 h6 16. Bh4 Bxe2 17. Qxe2 Ng6 18. Bf2 Rad8 19. Qb5 b6 20. Ne3 Nf4 21. Bg3 N4h5 22. Nf5 Qe8 23. Qxe8 Rfxe8 24. Bd6 g6 25. Ne7+ Kg7 26. e5 Ng8 27. Nd5 f6 28. Nc7 fxe5 29. Nxe8+ Rxe8 30. Rae1 Kf6 31. f4 e4 32. g4 1-0

[Event "44th Chess Olympiad Open 2022"]
[Site "Chennai"]
[Date "2022.08.02"]
[Round "5.22"]
[White "Sklyarov, Dmitry V."]
[Black "Stremavicius, Titas"]
[Result "0-1"]
[WhiteElo "2474"]
[BlackElo "2532"]
[Annotator "RC"]
[PlyCount "146"]
[EventDate "2022.??.??"]
[TimeControl "60"]

1. b3 Nf6 2. Bb2 e6 3. Nf3 d5 4. e3 c5 5. c4 Nc6 6. cxd5 exd5 7. Bb5 Bd6 8. O-O O-O 9. d4 cxd4 10. Nxd4 Bd7 11. Nf3 Bg4 12. Be2 Rc8 13. h3 Bxf3 14. Bxf3 Be5 15. Bxe5 Nxe5 16. Qd4 Nxf3+ 17. gxf3 Qa5 18. a4 a6 19. b4 Qc7 20. Nd2 Qd7 21. Kg2 Rc2 22. Rfc1 Rfc8 23. Rxc2 Rxc2 24. b5 h5 25. Qd3 Qc7 26. bxa6 bxa6 27. Nb3 Qc4 28. Qxc4 dxc4 29. Nc5 Nd5 30. Nxa6 Nxe3+ 31. Kg3 h4+ 32. Kf4 Nd5+ 33. Ke4 Rd2 34. Nc5 f5+ 35. Kxf5 c3 36. Rc1 c2 37. Ke4 Nb4 38. Nb3 Rd3 39. Nd4 Rd1 40. Nb3 Rd3 41. Nd4 Rd1 42. Nb3 Kf7 43. a5 Kf6 44. a6 Rxc1 45. Nxc1 Nxa6 46. Kd3 Nb4+ 47. Kc3 Nd5+ 48. Kxc2 Nf4 49. Kd2 Nxh3 50. Ke2 Ng5 51. f4 Ne6 52. Kf3 Kf5 53. Nd3 Nd4+ 54. Kg2 Kg4 55. Ne5+ Kxf4 56. Ng6+ Kg5 57. Ne5 Kf5 58. Nc4 g5 59. Ne3+ Ke4 60. Ng4 Ne6 61. f3+ Kf4 62. Nf2 Ke3 63. Ng4+ Kf4 64. Nf2 Kf5 65. Ng4 Nf4+ 66. Kf2 Nd3+ 67. Ke3 Ne5 68. Nh2 Nc4+ 69. Kf2 Kf4 70. Kg2 Ne5 71. Kf2 h3 72. Ke2 Nxf3 73. Nxf3 g4 0-1

[Event "44th Chess Olympiad Open 2022"]
[Site "Chennai"]
[Date "2022.08.02"]
[Round "5.22"]
[White "Koykka, Pekka"]
[Black "Kazakouski, Valery"]
[Result "1/2-1/2"]
[WhiteElo "2361"]
[BlackElo "2528"]
[Annotator "RC"]
[PlyCount "51"]
[EventDate "2022.??.??"]
[TimeControl "60"]

1. e4 c5 2. Nf3 d6 3. d4 cxd4 4. Nxd4 Nf6 5. Nc3 Nc6 6. Bc4 Qb6 7. Nb3 e6 8. Bf4 Ne5 9. Be2 Be7 10. g4 h5 11. gxh5 Bd7 12. Rg1 Rc8 13.
Be3 Qc7 14. Rxg7 Nc4 15. Bxc4 Qxc4 16. h6 Bc6 17. Nd2 Qb4 18. Rb1 Qa5 19. Nc4 Qb4 20. Nd2 Qa5 21. Rg5 Qd8 22. Rg7 Qa5 23. Nc4 Qb4 24. Nd2 Qa5 25. Nc4 Qb4 26. Nd2 1/2-1/2

[Event "44th Chess Olympiad Open 2022"]
[Site "Chennai"]
[Date "2022.08.02"]
[Round "5.23"]
[White "Georgiadis, Nico"]
[Black "Tin, Jingyao"]
[Result "1/2-1/2"]
[WhiteElo "2578"]
[BlackElo "2552"]
[Annotator "TA"]
[PlyCount "101"]
[EventDate "2022.??.??"]
[TimeControl "60"]

1. e4 e5 2. Nf3 Nc6 3. Bb5 a6 4. Ba4 Nf6 5. O-O Nxe4 6. d4 b5 7. Bb3 d5 8. dxe5 Be6 9. Nbd2 Be7 10. Qe2 Nc5 11. Rd1 O-O 12. c3 {[%emt 0:00:00] C81:
Open Ruy Lopez: Keres Variation (9 Qe2).} f6 13. Nd4 Nxd4 ({Don't take} 13... Nxe5 14. Nxe6 Nxe6 15. Nf1
$16) 14. cxd4 {[%emt 0:00:07] The position is equal.} Nxb3 15.
Nxb3 fxe5 16. Qxe5 Bf7 {
[%emt 0:06:46] [#]} 17. Re1 $146 ({Predecessor:} 17. Qg3 Bh5
18. f3 Bd6 19. Qg5 Qxg5 20. Bxg5 Bg6 21. Rac1 Rfe8 22. Kf2 Re6 23. Nc5 Bxc5 24.
Rxc5 {0-1 (29) Vilarino,J-Figueredo,A Spain 1993}) 17... Bd6 18. Qg5 a5 19. Qxd8 Rfxd8 20. Bd2 a4 21. Na5 Rdb8 22.
Nc6 Rb6 23. Rac1 Re8 24. a3 Rxe1+ 25. Bxe1 Be8 26. Nb4 ({Don't play} 26.
Ne5 b4 27. axb4 Bxb4 28. Bxb4 Rxb4 $17) 26... Bxb4 27. Bxb4
$11 {[%emt 0:00:05] Endgame KRB-KRB} Rc6 28. Re1 Bd7 29. f3 Re6 30. Rc1 c6 31. Kf2 Be8 32. Bd2 Bg6 33. Rc3 Bb1 34. Bf4 Ba2 35. Be5 Bc4 36. f4 g6 37. g4 Re7 38. Re3 Ba2 39. Rc3 Bc4 40.
Re3 Ba2 $1 41. h4 Kf7 ({Better is} 41... Rb7 $14) 42. Rh3 {[%emt 0:02:47] White is
better.} h5 43. gxh5 gxh5 44. Rg3 Bb1 45. Rg5 Ke6 {
[%emt 0:00:33] Against f5+} 46. Rxh5 Rh7 {[%emt 0:03:55]
Inhibits Rh6+.} 47. Rxh7 Bxh7 48. h5 {
[%emt 0:01:57][%cal Yh4h5,Yh5h6] Prevents Bg6.} Bc2 49. Ke3 Bf5 50. h6 Bh7 51. Bg7 {[%emt 0:00:16] Weighted Error Value: White=0.06 (flawless) /
Black=0.05 (flawless)} 1/2-1/2

[Event "44th Chess Olympiad Open 2022"]
[Site "Chennai"]
[Date "2022.08.02"]
[Round "5.23"]
[White "Kurmann, Oliver"]
[Black "Siddharth, Jagadeesh"]
[Result "1-0"]
[WhiteElo "2463"]
[BlackElo "2426"]
[Annotator "RC"]
[PlyCount "116"]
[EventDate "2022.??.??"]
[TimeControl "60"]

1. e4 e5 2. Nf3 Nf6 3. Nxe5 d6 4. Nf3 Nxe4 5. c4 Nc6 6. d3 Nf6 7. d4 Be7 8. d5 Ne5 9. Nxe5 dxe5 10. Nc3 c6 11. Bd3 cxd5 12. cxd5 O-O 13. O-O h6 14. h3 Bb4 15. Qb3 a5 16. Rd1 Nd7 17. Qc2 Nc5 18.
Bc4 Qf6 19. Be3 Bf5 20. Qe2 Rac8 21. Rac1 e4 22. d6 Bxc3 23. Rxc3 Nd3 24. Bxd3 exd3 25. Qf3 Qg6 26. Rxc8 Bxc8 27. Qg3 Bf5 28. Qxg6 fxg6 29. Bb6 Rf7 30. f3 Rd7 31. Bc7 g5 32. Kf2 a4 33. Ke3 Be6 34. Rxd3 Bxa2 35. Kd4 b6 36. Re3 Kf8 37. Re5 Bb3 38.
Kc3 Kf7 39. Kb4 Kf6 40. Re8 Kf7 41. Re1 Kf8 42. Kb5 Bf7 43.
Kxa4 Be8 44. Kb4 b5 45. Rxe8+ Kxe8 46. Kxb5 Kf7 47. Kc6 Ke6 48. b4 g4 49. hxg4 Rf7 50. b5 Rf4 51. b6 Rc4+ 52. Kb5 Rc2 53.
b7 Rb2+ 54. Ka6 Ra2+ 55. Ba5 Rb2 56. Ka7 Kxd6 57. b8=Q+ Rxb8 58. Kxb8 g6 1-0

[Event "44th Chess Olympiad Open 2022"]
[Site "Chennai"]
[Date "2022.08.02"]
[Round "5.23"]
[White "Goh, Wei Ming Kevin"]
[Black "Bogner, Sebastian"]
[Result "1/2-1/2"]
[WhiteElo "2453"]
[BlackElo "2545"]
[Annotator "RC"]
[PlyCount "100"]
[EventDate "2022.??.??"]
[TimeControl "60"]

1. e4 c5 2. Nf3 e6 3. c3 d5 4. exd5 Qxd5 5. Na3 Nf6 6. d4 Nc6 7. Nb5 Qd8 8. dxc5 Bxc5 9. Qxd8+ Kxd8 10. b4 Be7 11. Bb2 Bd7 12. Rd1 Ne8 13. Be2 a6 14. Nbd4 Nxd4 15. Rxd4 f6 16. O-O e5 17. Rd2 Kc7 18. a3 a5 19. Ne1 Nd6 20. Nc2 Ne4 21. Rd5 Be6 22. Ne3 Kb8 23.
f3 Nd6 24. Rd2 Rc8 25. Rfd1 Nf5 26. Nxf5 Bxf5 27. Kf2 Be6 28. Bb5 Rc7 29. h4 Ka7 30. Re1 Rd8 31. Rxd8 Bxd8 32. f4 Bc4 33. Bxc4 Rxc4 34. fxe5 fxe5 35. Rxe5 Rxh4 36. Bc1 Bb6+ 37. Be3 Bxe3+ 38.
Kxe3 axb4 39. axb4 Rc4 40. Kd3 Rg4 41. Re2 h5 42. c4 g5 43. Kc3 Kb6 44. Rf2 h4 45. Kd3 Kc6 46. Rf6+ Kd7 47. Rf7+ Kc8 48. Rf8+ Kd7 49. Rf7+ Kc8 50. Rf8+ Kd7 1/2-1/2

[Event "44th Chess Olympiad Open 2022"]
[Site "Chennai"]
[Date "2022.08.02"]
[Round "5.23"]
[White "Wong, Zhenyong Jayden"]
[Black "Baenziger, Fabian"]
[Result "1/2-1/2"]
[WhiteElo "2163"]
[BlackElo "2451"]
[Annotator "RC"]
[PlyCount "77"]
[EventDate "2022.??.??"]
[TimeControl "60"]

1. d4 d5 2. c4 c6 3. Nf3 Nf6 4. Nc3 e6 5. g3 Be7 6. Bg2 O-O 7. O-O a5 8. Nd2 b5 9. cxb5 cxb5 10. Nxb5 Qb6 11. a4 Nc6 12. Nb1 Ba6 13. N1c3 Rac8 14. Bg5 h6 15. Bxf6 Bxf6 16. e3 Be7 17. Qd3 Na7 18. Rfc1 Rb8 19. Bf1 Bb4 20. Qd1 Bxc3 21. Rxc3 Nxb5 22. axb5 Bxb5 23. Rb3 Qc6 24. Bxb5 Rxb5 25. Rxb5 Qxb5 26. Qa4 Qxb2 27. Qxa5 Rc8 28. Rf1 Qe2 29. Qe1 Qf3 30. Qd1 Qe4 31. Qb1 Qf3 32. Qd1 Qf5 33. Kg2 h5 34. h4 Kh7 35. Qf3 Kg6 36. Qxf5+ Kxf5 37. Kf3 g6 38. Ra1 Rc2 39. Ra7 1/2-1/2

[Event "44th Chess Olympiad Open 2022"]
[Site "Chennai"]
[Date "2022.08.02"]
[Round "5.24"]
[White "Vera Siguenas, Deivy"]
[Black "Ribera Veganzones, Josep Maria"]
[Result "1-0"]
[WhiteElo "2503"]
[BlackElo "2228"]
[Annotator "RC"]
[PlyCount "85"]
[EventDate "2022.??.??"]
[TimeControl "60"]

1. d4 Nf6 2. c4 g6 3. Nc3 Bg7 4. e4 d6 5. h3 O-O 6. Be3 Nc6 7. d5 Ne5 8. f4 Ned7 9. g4 c6 10. Nf3 cxd5 11. cxd5 b6 12. Nd4 Bb7 13. Bg2 Rc8 14. O-O Qe8 15. Re1 Nc5 16. b4 e5 17. fxe5 dxe5 18. Nc6 Ne6 19. b5 Nf4 20. Qd2 Nd7 21. Rac1 Bh6 22. Ne2 Nxe2+ 23. Rxe2 Bxe3+ 24. Qxe3 a6 25. a4 axb5 26. axb5 Ra8 27. g5 Ra4 28. Rf2 Bc8 29. Qb3 Nc5 30. Rxc5 Ra1+ 31. Kh2 bxc5 32. Qc3 Rb1 33. Qxc5 Kg7 34. Qd6 h6 35. Qf6+ Kh7 36. gxh6 Rg8 37. Nxe5 g5 38. Nxf7 Rg6 39. Nxg5+ Kxh6 40. Nf7+ Kh7 41. Qh4+ Kg7 42. Qf4 Rxb5 43. Nd6 1-0

[Event "44th Chess Olympiad Open 2022"]
[Site "Chennai"]
[Date "2022.08.02"]
[Round "5.24"]
[White "Escalante Ramirez, Brian Sebasti"]
[Black "Fluvia Poyatos, Jordi"]
[Result "1/2-1/2"]
[WhiteElo "2496"]
[BlackElo "2451"]
[Annotator "RC"]
[PlyCount "41"]
[EventDate "2022.??.??"]
[TimeControl "60"]

1. e4 c6 2. Nf3 d5 3. exd5 cxd5 4. Ne5 Nc6 5. d4 e6 6. c3 Nxe5 7. dxe5 Ne7 8.
Nd2 Nc6 9. Nf3 Qc7 10. Bf4 f5 11. h4 Bd7 12. Bd3 Be7 13. Qe2 O-O-O 14. O-O h6 15. h5 g5 16. hxg6 Rhg8 17. Qd2 Qb6 18. Be3 Qc7 19. Bf4 Qb6 20. Be3 Qc7 21. Bf4 1/2-1/2

[Event "44th Chess Olympiad Open 2022"]
[Site "Chennai"]
[Date "2022.08.02"]
[Round "5.24"]
[White "Henderson de La Fuente, Lance"]
[Black "Cordova, Emilio"]
[Result "1/2-1/2"]
[WhiteElo "2490"]
[BlackElo "2549"]
[Annotator "RC"]
[PlyCount "60"]
[EventDate "2022.??.??"]
[TimeControl "60"]

1. d4 Nf6 2. Nf3 e6 3. c4 b6 4. g3 Bb7 5. Bg2 Bb4+ 6. Bd2 Bxd2+ 7. Qxd2 O-O 8. Nc3 Ne4 9. Qc2 Nxc3 10. Ng5 Ne4 11. Bxe4 Bxe4 12. Nxe4 d5 13. Nd2 c6 14. O-O Nd7 15. cxd5 cxd5 16. Rac1 Rc8 17. Qa4 Rc7 18. Nb3 Nb8 19. Rxc7 Qxc7 20. Rc1 Qb7 21. Nd2 f6 22. Kg2 Qa6 23. Qxa6 Nxa6 24. Rc3 Rf7 25. Rc8+ Rf8 26. Rc3 Rf7 27. Rc8+ Rf8 28. Rc3 Rf7 29. Rc8+ Rf8 30. Rc3 Rf7 1/2-1/2

[Event "44th Chess Olympiad Open 2022"]
[Site "Chennai"]
[Date "2022.08.02"]
[Round "5.24"]
[White "De La Riva Aguado, Oscar"]
[Black "Terry, Renato"]
[Result "1/2-1/2"]
[WhiteElo "2424"]
[BlackElo "2502"]
[Annotator "RC"]
[PlyCount "52"]
[EventDate "2022.??.??"]
[TimeControl "60"]

1. e4 c6 2. d4 d5 3. e5 c5 4. dxc5 e6 5. a3 Bxc5 6. Qg4 Ne7 7. Bd3 Ng6 8.
Nf3 Nc6 9. b4 Be7 10. Bb2 O-O 11. O-O f5 12. Qg3 Rb8 13. Nbd2 b5 14. Nb3 Bd7 15. Rfe1 a5 16. bxa5 Nxa5 17. Nxa5 Qxa5 18. h4 Qd8 19. h5 Nh4 20. Nxh4 Bxh4 21. Qf3 Be7 22. Qf4 Bg5 23. Qf3 Be7 24. Qf4 Bg5 25. Qf3 Be7 26. Qf4 Bg5 1/2-1/2

[Event "44th Chess Olympiad Open 2022"]
[Site "Chennai"]
[Date "2022.08.02"]
[Round "5.25"]
[White "Kantans, Toms"]
[Black "Jumabayev, Rinat"]
[Result "0-1"]
[WhiteElo "2486"]
[BlackElo "2617"]
[Annotator "TA"]
[PlyCount "83"]
[EventDate "2022.??.??"]
[TimeControl "60"]

1. e4 e6 2. d4 d5 3. Nd2 c5 4. Ngf3 cxd4 5. Nxd4 Nc6 6. Bb5 Bd7 7. Nxc6 bxc6 8.
Bd3 Bd6 9. O-O Qc7 10. h3 {[%emt 0:08:36] C07: French Tarrasch: 3...c5, 4 Ngf3 and 4 exd5
Qxd5.} Nf6 11. Qe2 O-O 12.
c4 {[%emt 0:00:58] The position is equal.} Rfe8 {[%emt 0:03:27] [#]} 13. c5
$146 (13. Re1 $5 dxe4 14. Nxe4 Nxe4 15. Bxe4
$11 (15. Qxe4 f5 $11)) ({Predecessor:} 13. b3 e5 14. cxd5 cxd5 15. exd5 e4 16.
Bc4 e3 17. Nf3 exf2+ 18. Qxf2 Ne4 19. Qb2 Bc5+ 20. Nd4 Ng3 21. Bd2 Ne2+ 22.
Bxe2 Rxe2 23. Rf2 Qe5 {0-1 (23) Afanasiev,N (2508)-Vaibhav,S (2590) Chess.com
INT 2019}) 13... Bh2+ (13... Bxc5 14. e5 $16) 14. Kh1 Bf4 15. b4 a5 {[%emt 0:19:27]
Black is more active.} 16. Bb2 (16. bxa5 $142 Rxa5 17. Bb2)
16... e5 $1 $17 (16... axb4 17. e5 $11) 17. b5 (17. a3 $17) 17... cxb5 $19 18. exd5 Nxd5 (18... Qxc5 $19 {And now ...e4 would win.} 19. Rad1 Qb4) 19.
Ne4 $1 $15 Rab8 20. Rad1 Re6 21. Bc2 (21. g3 $11 {
remains equal.}) 21... Nb4 (21... Bc6 $17) 22. Bb3 $11 Rh6 {[%emt 0:12:22][%cal Yd7h3] White must now prevent ...
Bxh3!} 23. Nd6 {[%emt 0:00:00] [#]} (23. Rd6 $11) 23... Bxh3 $1 $17 24. Nxf7 {[%emt 0:00:00] [#]} (24. gxh3 $2 Qd7 25. Qf3 (25. Bxf7+ $2
Kf8 $19) 25... Rxh3+ 26. Kg2 Rxf3 $19) (24. Bxf7+ Kf8) 24... Bxg2+ $1 25. Kxg2 Qc6+ 26. Qf3 Rh2+ {[%emt 0:01:53] Deflection} 27. Kg1 Qxf3 $40 {[%emt 0:
00:04][%csl Gf3][%cal Rh2h1] Black goes for the king. Really sharp!} 28. Nxe5+
{[%emt 0:00:11] [#]} Qxb3 $3 29. axb3 Rc8 {
[%emt 0:01:42] Against c6} (29... Rh3 $142 30. Rd7 Rxb3) 30. Rd7 Rh5 31. Nf3 {[%emt 0:03:05] Inhibits Rg5+.} (31. Re1 $15)
31... Bh6 (31... Rhxc5 $6 32. Rxg7+ Kf8 33. Rxh7 $11) (31...
Rcxc5 $6 32. Re1 Rc8 33. Rxg7+ Kf8 34. Ree7 $11) (31... Rc7 $17 32. Rxc7 Bxc7)
32. Ra1 (32. Ne5 $15) 32... Rhxc5 (32... Nc6
$142 $1 33. Kf1 Rxc5) 33. Rxa5 {[%emt 0:00:06] [#]} Nc6 $1 {[%emt 0:00:13]
Against Raa7} 34. Ra1 Rf8 35. Rc7 {[%emt 0:
01:17] [#]} Rc2 $1 $19 (35... Rxf3 36. Ra8+ Rf8 37. Rxf8+ Kxf8
38. Ba3 $17) 36. Ba3 b4 ({Weaker is} 36...
Rxf3 37. Rc8+ Kf7 38. Rf8+ Ke6 39. Rxf3 $17 (39. Re1+ $2 Re3 $19)) 37. Ne5 $2 (37. Rxc6 Rxc6 38. Bxb4) 37... Nd4 {[%emt 0:00:48] Black is
clearly winning.} ({Don't blunder} 37... Nxe5 $2 38. Rxc2 Nf3+ 39. Kh1 $19) ({
Avoid the trap} 37... bxa3 $2 38. Rxc6 Re2 39. Ng4 $19) 38. Bxb4 Rxc7 39. Bxf8 Kxf8 40.
Ra8+ Ke7 41. Rh8 Kf6 42. Ng4+ {[%emt 0:01:53] Weighted Error Value: White=0.39/
Black=0.13 (very precise)} 0-1

[Event "44th Chess Olympiad Open 2022"]
[Site "Chennai"]
[Date "2022.08.02"]
[Round "5.25"]
[White "Suleymenov, Alisher"]
[Black "Miezis Normunds"]
[Result "1-0"]
[WhiteElo "2467"]
[BlackElo "2446"]
[Annotator "RC"]
[PlyCount "69"]
[EventDate "2022.??.??"]
[TimeControl "60"]

1. e4 c5 2. Nf3 e6 3. d4 cxd4 4. Nxd4 a6 5. Bd3 g6 6. O-O Bg7 7. Be3 Ne7 8. c4 d5 9. exd5 exd5 10. Nc3 O-O 11. cxd5 Nxd5 12. Nxd5 Qxd5 13. Rc1 Nd7 14. Bc4 Qe5 15. Re1 Qf6 16. Nf3 Qf5 17. Bd4 Bxd4 18. Qxd4 Rb8 19. Re7 Nf6 20. Qd6 Be6 21. Rxe6 Rfd8 22. Qe5 Rbc8 23. Qxf5 gxf5 24. Ree1 Ne4 25. Bb3 Kg7 26.
Rxc8 Rxc8 27. Nd4 Kf6 28. f3 Nc5 29. Bc2 f4 30. Bxh7 Rd8 31.
Nb3 Ne6 32. Bc2 a5 33. a4 b6 34. Rd1 Rc8 35. Bd3 1-0

[Event "44th Chess Olympiad Open 2022"]
[Site "Chennai"]
[Date "2022.08.02"]
[Round "5.25"]
[White "Nogerbek, Kazybek"]
[Black "Golubovskis, Maksims"]
[Result "1-0"]
[WhiteElo "2437"]
[BlackElo "2219"]
[Annotator "RC"]
[PlyCount "89"]
[EventDate "2022.??.??"]
[TimeControl "60"]

1. e4 c5 2. Nc3 d6 3. f4 g6 4. Nf3 Bg7 5. Bb5+ Bd7 6. Bc4 Nc6 7. O-O e6 8. d3 Nge7 9. Qe1 Nd4 10. Nxd4 cxd4 11. Ne2 O-O 12. Bb3 Kh8 13. Bd2 Qb6 14. Ba5 Qc6 15. Qh4 Ng8 16. e5 Qb5 17. Bc7 dxe5 18. Bd6 exf4 19. Bxf8 Rxf8 20. Qxf4 e5 21. Qh4 f5 22. a4 Qc5 23. Kh1 Nf6 24. c3 Qb6 25. Bc4 dxc3 26. Nxc3 Qxb2 27. Nd5 Qd2 28. a5 Nxd5 29. Bxd5 Qxd3 30. Bxb7 e4 31. Rad1 Qb5 32. Qe7 Be6 33. Qxe6 Qxb7 34. a6 Qb5 35. Rb1 Qd3 36. Rfd1 Qe2 37. Rdc1 Qe3 38. Qe7 f4 39. Re1 Qd3 40. Rb7 Rg8 41. Qxe4 Qxa6 42. Rf7 Qb6 43. Qxf4 h5 44. h3 a5 45. Ree7 1-0

[Event "44th Chess Olympiad Open 2022"]
[Site "Chennai"]
[Date "2022.08.02"]
[Round "5.25"]
[White "Reimanis, Ritvars"]
[Black "Urazayev, Arystanbek"]
[Result "0-1"]
[WhiteElo "2377"]
[BlackElo "2430"]
[Annotator "RC"]
[PlyCount "90"]
[EventDate "2022.??.??"]
[TimeControl "60"]

1. d4 Nf6 2. Nf3 e6 3. c4 d5 4. Nc3 dxc4 5. e3 a6 6. Bxc4 b5 7. Be2 Bb7 8. O-O Nbd7 9. Nd2 c5 10. dxc5 Bxc5 11. Nb3 Be7 12. Bf3 Bxf3 13. Qxf3 O-O 14. a3 Rc8 15. e4 Ne5 16. Qg3 Nc4 17. e5 Nh5 18.
Qf3 g6 19. Qb7 Qc7 20. Qxc7 Rxc7 21. g4 Ng7 22. Kg2 Rd8 23. f4 h5 24. h3 Rcd7 25. Ne4 Rd5 26. Rb1 a5 27. Na1 Rd4 28. Re1 Bh4 29. Re2 Rd1 30. Nc2 Rc8 31. b3 Nb6 32. Nd6 Rc3 33. Nxb5 Rg3+ 34. Kh2 Rgg1 35. Re3 Nd5 36. Rd3 Rh1+ 37. Kg2 Rxc1 38. Rxc1 Rxc1 39. Rd2 Rxc2 40. Rxc2 Ne3+ 41. Kf3 Nxc2 42. Ke4 Be7 43. b4 axb4 44. a4 b3 45. Kd3 Na3 0-1

[Event "44th Chess Olympiad Open 2022"]
[Site "Chennai"]
[Date "2022.08.02"]
[Round "5.26"]
[White "Tari, Aryan"]
[Black "Phiri, Richmond"]
[Result "1-0"]
[WhiteElo "2672"]
[BlackElo "2293"]
[Annotator "TA"]
[PlyCount "83"]
[EventDate "2022.??.??"]
[TimeControl "60"]

1. e4 c5 2. Nf3 e6 3. d4 cxd4 4. Nxd4 a6 5. h3 Nf6 6. Bd3 Nc6 7. Nxc6 {[%emt 0:00:48] [#]} dxc6 $146 ({Predecessor:} 7... bxc6 8. O-O d5 9. Nd2 Be7 10. c4 O-O 11. e5 Nd7 12.
Nf3 a5 13. Qc2 h6 {½-½ (51) Warmerdam,M (2600)-Sprenger,J (2483) Germany 2022
}) 8. O-O e5 9. Be3 Be7 {
[%emt 0:01:05] B42: Sicilian: Kan Variation: 5 Bd3.} 10. Nd2 b5 11. a4 {[%emt 0:13:06] Threatens to win with axb5.} Be6 {
[%emt 0:12:05] White is slightly better.} 12. Nf3 Nd7 13. Qd2 O-O 14. Ng5 Nc5 15. Nxe6 Nxe6 16. Qc3 Qc7 17. Ra2 b4 18. Qc4 a5 19. c3 Rab8 20. Be2 Rfd8 21. Bg4 Nf4 22. Raa1 h5 23. Bf3 g6 24. h4 Qc8 (24... Bxh4 25. g3 $14) 25. Rfd1 Bxh4 26. cxb4 (26. g3 $11 Qh3 27. Qf1
bxc3 28. bxc3) 26... Rxb4 $17 27. Qc3 Qe6 28. g3 Nh3+ 29. Kg2 Rxd1 30. Rxd1 {[%emt 0:01:00] [#]} Be7 (30... Ng5 $1 $17 {( -> ...Qh3+)} 31. Rd8+ Kg7 32. Bxg5 Bxg5) 31. Qd2 $36 {
[%emt 0:00:31] White has the initiative.} Qf6 ({Don't play} 
31... Rxa4 32. Rh1 $16) 32. Qd7 Ng5 33. Qe8+ Bf8 $1 34. Bxg5 {[%emt 0:01:13] Active
counter play!} Qxg5 35. Rd8 (35. Rd7 $5 Qf6 36. Rd8 $14) 35... Qh6 36. Qxe5 Qg7 $2 {[%emt 0:00:00] [#]} (36... h4 $11 {and Black has nothing to worry.
}) 37. Qxa5 $18 Rxb2 (37... Kh7 {was worth a
try.} 38. e5 h4 39. gxh4 (39. Bxc6 hxg3 40. Qa7 Rxb2 $11) 39... Rxb2) 38. Qc5 Ra2 39. Qc4 $2 (39. a5 $18)
39... Ra3 $2 (39... Qb2 $1 $11 40. Qc5 Qg7) 40. e5 Qxe5 (40... Ra1 $142 41. Qd4 Re1) 41. Qb4 $1 Rxf3 42. Qxf8+ {[%emt 0:00:15] Weighted Error Value:
White=0.15 (very precise) /Black=0.78} 1-0

[Event "44th Chess Olympiad Open 2022"]
[Site "Chennai"]
[Date "2022.08.02"]
[Round "5.26"]
[White "Christiansen, Johan-Sebastian"]
[Black "Kabwe Timothy"]
[Result "1-0"]
[WhiteElo "2593"]
[BlackElo "2248"]
[Annotator "TA"]
[PlyCount "101"]
[EventDate "2022.??.??"]
[TimeControl "60"]

1. e4 c6 2. d4 d5 3. Nd2 dxe4 4. Nxe4 Nf6 5. Nxf6+ gxf6 6. Nf3 Bg4 7. Be2 e6 8. O-O Bg7 {[%emt 0:00:42]
B16: Caro-Kann: Bronstein-Larsen Variation.} 9. Bf4 O-O {
[%emt 0:01:23] [#]} 10. h3 $146 ({Predecessor:} 10. Qd2 Kh8
11. Rad1 Nd7 12. c4 Rg8 13. Nh4 Bxe2 14. Qxe2 f5 15. Nf3 Qf6 16. Qe3 {0-1 (29)
Garcia,S-Jimenez Zerquera,E Cuba 1965}) 10... Bxf3 {[%emt 0:08:25] White is
better.} 11. Bxf3 f5 12. c3 Nd7 13. a4 a5 14. Qb3 Qb6 15. Ra3 Qa7 16. Rd1 Rfe8 17. Qc2 Rad8 18. Rb3 Nf6 19. Bc7 (19. Qc1 $16) 19... Rc8 20. Be5 Nd7 21. Bf4 {[%emt 0:00:00]
White is more active.} Nf8 22. Bd6 Ng6 23. Bc5 {[%emt 0:00:45] A strong pair of Bishops.} Qa8 24. c4 Bf8 25. Bb6 (25. Bxf8 $16 Rxf8 26. g3) 25... Bb4 $14 26. c5 (26. Qc1 $14) 26... h6 (26... Kg7 $11) 27. Bh5
$36 {[%emt 0:01:46] White has good play.} (27. g4 $5 ) 27... Kh7 ({Better is} 27... Nf4 $1 $14 28. Rg3+ Kf8) 28. Bxg6+ $16 fxg6 {[%emt 0:03:23] [#]} 29. Re3 $1 Re7 {
[%emt 0:00:15] [#]} 30. d5 $1 cxd5 31. Rxd5 Rce8 (31... Rg8 $16 32. Qb3 Qe8) 32. Rd6 $18 Qc8 33. Qc4 e5 $2 {[%emt 0:
04:18] [#]} (33... Rg7 $16 34. Re5 (34. Rdxe6 Rxe6 35. Rxe6 Rd7 $16) 34... Ree7
) 34. Rxe5 $3 Rg7 (34... Rxe5 {gets mated.}
35. Qf7+ Kh8 36. Qf6+ Kh7 37. Qxg6+ Kh8 38. Qxh6+ Kg8 39. Rg6+ Kf7 40. Qg7#)
35. Qe2 Rxe5 36. Qxe5 Qf8 (36... Qb8 37. Bd8 Qc8) 37. Re6 $2 (37. Bd8
$18 {and the rest is easy.}) 37... Rd7 $16 38. h4 {[%emt 0:02:
34][%cal Yh4h5] aiming for h5!} Qg7 39. h5 Qxe5 40. hxg6+ ({Don't play} 40.
Rxe5 gxh5 41. Rxf5 Kg6 $16) 40... Kg7 41. Rxe5 Kxg6 {[%emt 0:30:09] Endgame KRB-KRB} 42. Re6+ Kh5 43. c6 bxc6 44. Rxc6 f4 $2 {[%emt 0:00:00] [#] Prevents Be3.} (44... Kg4 $16 45.
Rxh6 Rd1+ 46. Kh2 Bd6+ 47. g3 f4) 45. Bxa5 $1 $18 Bxa5 {
[%emt 0:00:00] KRB-KR} (45... Be7 46. Bb6) 46. Rc5+ Kh4 47. Rxa5 Rd1+ 48. Kh2 {
[%emt 0:00:00] Threatens to win with b4.} Rd2 $2 (48... Rb1
49. Rb5 Ra1) 49. Rb5 {[%emt 0:00:00] And now a5 would win. White is clearly
winning.} Rxf2 50. a5 Rf1 (
50... f3 $142 51. Rb4+ Kg5) 51. Rb3 {[%emt 0:00:00] Weighted Error Value:
White=0.25 (precise) /Black=0.35} 1-0

[Event "44th Chess Olympiad Open 2022"]
[Site "Chennai"]
[Date "2022.08.02"]
[Round "5.26"]
[White "Bwalya, Gillan"]
[Black "Carlsen, Magnus"]
[Result "0-1"]
[WhiteElo "2396"]
[BlackElo "2864"]
[Annotator "TA"]
[PlyCount "52"]
[EventDate "2022.??.??"]
[TimeControl "60"]

1. d4 Nf6 2. c4 e6 3. Nc3 d5 4. Nf3 Bb4 5. e3 O-O 6. a3 Bxc3+ 7. bxc3 c5 8. Bd3 dxc4 9. Bxc4 Qc7 10. Nd2 {[%emt 0:05:12] E53: Nimzo-Indian:
Rubinstein: Main Line (4...0-0 5 Nf3 d5 6 Bd3 c5 7 0-0).} Nc6 11. O-O Rd8 12. f4 (12. Bb2 $11) 12... Nd5 (12... Na5 $17 {aiming for ...
cxd4.} 13. Ba2 b6) 13. Bxd5 exd5 {[%emt 0:00:15] [#]} 14. Qh5
$146 ({Predecessor:} 14. dxc5 Na5 15. f5 Qxc5 16. f6 Qxe3+ 17.
Kh1 Qxc3 18. Rb1 Qd3 19. Qe1 Bf5 20. Rf3 {0-1 (84) Smyslov,V (2570)-Van
Riemsdijk,H (2440) Manila 1990}) 14... cxd4 15. cxd4 Ne7 16. Nf3 Bf5 17.
Bd2 f6 18. Nh4 Be4 19. f5 ({White should try} 19. Qg4) 19... Rac8 $17 20. Bb4 a5 21. Bxe7 (21. Be1 $142) 21... Qxe7 $19 22. Rf4 $2 {[%emt 0:00:
00] [#]} (22. Qe2 {was worth a try.}) 22... Rc3 23. Re1 $2 (23. a4) 23... Qxa3 24. Rg4 Rc1 {[%emt 0:00:37] Active counter play!} 25. Rxc1 Qxe3+ 26. Kf1 Bd3# {[%emt 0:00:40] Black took
control after the opening. Weighted Error Value: White=1.04/Black=0.12 (very
precise)} 0-1